 Dungeon Crawl Stone Soup version 0.27.1 (webtiles) character file.

Game seed: 18147402975052955416

2 Sabo the Skirmisher (level 1, 18/18 HPs)
             Began as a Demonspawn Fighter on Aug 24, 2021.
             Was a Follower of Sif Muna.
             Got out of the dungeon alive.
             The game lasted 00:01:12 (154 turns).

Sabo the Skirmisher (Demonspawn Fighter)             Turns: 154, Time: 00:01:12

Health: 18/18      AC:  6    Str: 16    XL:     1   Next: 25%
Magic:  1/1        EV:  6    Int:  9    God:    Sif Muna [*.....]
Gold:   0          SH:  8    Dex: 12    Spells: 0/0 levels left

rFire    . . .     SeeInvis .   a - +0 trident
rCold    . . .     Faith    .   c - +0 kite shield
rNeg     . . .     Spirit   .   b - +0 scale mail
rPois    .         Reflect  .   (no helmet)
rElec    .         Harm     .   (no cloak)
rCorr    .         Rampage  .   (no gloves)
Will     .....                  (no boots)
Stlth    ..........             (no amulet)
HPRegen  0.06/turn              (no ring)
MPRegen  0.07/turn              (no ring)

@: no status effects
A: no striking features
a: Renounce Religion, Channel Magic


You escaped.
You worshipped Sif Muna.
Sif Muna was aware of your devotion.
You visited 1 branch of the dungeon, and saw 1 of its levels.

Inventory:

Hand Weapons
 a - a +0 trident (weapon)
Armour
 b - a +0 scale mail (worn)
 c - a +0 kite shield (worn)
Scrolls
 e - a scroll of teleportation {unknown}
 f - a scroll of immolation {unknown}
Potions
 d - a potion of might


   Skills:
 + Level 3.0 Fighting
 + Level 1.7 Polearms
 + Level 2.7 Armour
 + Level 2.7 Shields


You couldn't memorise any spells.
You didn't know any spells.
Your spell library contained the following spells:

 Spells                   Type           Power      Damage    Failure   Level
 Foxfire                  Conj/Fire      0%         2x1d4     100%        1


Dungeon Overview and Level Annotations

Branches:
Dungeon (1/15)

Altars:
Sif Muna


Message History

The ball python constricts you.
You puncture the ball python!
You kill the ball python!
The hobgoblin evades a web.
You closely miss the hobgoblin. You block the hobgoblin's attack. x2
You closely miss the hobgoblin.
The hobgoblin hits you but does no damage.
You closely miss the hobgoblin. The hobgoblin barely misses you.
You completely miss the hobgoblin. You block the hobgoblin's attack.
The hobgoblin hits you.
You hit the hobgoblin.
The hobgoblin is severely wounded.
You block the hobgoblin's attack.
You puncture the hobgoblin!
You kill the hobgoblin!
You see here a hobgoblin corpse.
You start resting.
HP restored.
You see here a hobgoblin corpse.
Found Plato's Papyrus of Arcane Weapons.
Found a faded altar of an unknown god.
f - a scroll labelled VOSTRY JARHEIHO You pick up Plato's Papyrus of Arcane Weapons and begin reading...
You add the spell Foxfire to your library.
There is a faded altar of an unknown god here.
There is a faded altar of an unknown god here.
You cannot tell which god this altar belongs to.
Convert to them anyway?
Sif Muna accepts your prayer! Sif Muna welcomes you!
You can now call upon Sif Muna for magical energy.
You hit the plant.
The plant begins to die.
The plant is lightly damaged.
A nearby plant withers and dies.
You see here a hobgoblin corpse.
There is a staircase leading out of the dungeon here.
Okay, then.
There is a staircase leading out of the dungeon here.
You can't go down here!
Are you sure you want to leave the Dungeon?
This will make you lose the game!
You have escaped!

....##
.....############
...[.§..........##
..[..§§§≈§≈≈.....#
#.....§≈≈§§≈≈....#
#.....§≈!§$≈§...@#
#....§≈≈≈≈≈§....#
#.....§≈§≈§§....#
#..............##
##...############
##..## ....# ..###
..#


There were no monsters in sight!

Vanquished Creatures
  A hobgoblin (D:1)
  A ball python (D:1)
2 creatures vanquished.

Vanquished Creatures (others)
  A plant (D:1)
1 creature vanquished.

Grand Total: 3 creatures vanquished

Notes
Turn   | Place    | Note
-------+----------+-------------------------------------------
     0 | D:1      | Sabo the Demonspawn Fighter began the quest for the Orb.
     0 | D:1      | Reached XP level 1. HP: 18/18 MP: 1/1
    98 | D:1      | Found a faded altar of an unknown god.
   109 | D:1      | Got Plato's Papyrus of Arcane Weapons
   112 | D:1      | Became a worshipper of Sif Muna the Loreminder
   112 | D:1      | Reached * piety under Sif Muna
   154 | D:$      | Got out of the dungeon alive.

Illustrated notes

Levels and vault maps discovered:
D:1:      lemuel_arrival_lava_pool, layout_loops_ring,
          shapermc_ecumenical_altar_rom_forum

Action                   || total
-------------------------++-------
Melee: Trident           ||     8
Armor: Scale mail        ||     1
Dodge: Dodged            ||     1
Block: Kite shield       ||     5
